 Dungeon Crawl Stone Soup version 0.17-a0-1946-gfb768fe (webtiles) character file.

70 esc the Insei (level 4, -1/29 HPs)
             Began as an Octopode Transmuter on Oct 1, 2015.
             Slain by a worm (11 damage)
             ... on level 2 of the Dungeon.
             The game lasted 00:03:35 (2113 turns).

esc the Insei (Octopode Transmuter)                 Turns: 2113, Time: 00:03:36

Health: -1/29      AC:  1    Str:  9    XL:     4   Next: 22%
Magic:  7/7        EV: 12    Int: 16    God:
Gold:   121        SH:  0    Dex: 12    Spells: 1 memorised, 7 levels left

rFire  . . .     SeeInvis .       - Unarmed
rCold  . . .     Clarity  .     (no shield)
rNeg   . . .     SustAt   .     (helmet restricted)
rPois  .         Gourm    .     (no amulet)
rElec  .         Spirit   .     (no ring)
rCorr  .         Warding  .     (no ring)
rMut   .         Stasis   .     (no ring)
MR     .....                    (no ring)
Stlth  ++........               (no ring)
                                (no ring)
                                (no ring)
                                (no ring)

@: not resistant to hostile enchantments, unstealthy
A: almost no armour, amphibious, 8 rings, constrict 8, camouflage 1, gelatinous
body 1
a: no special abilities


You were on level 2 of the Dungeon.
You were not hungry.

You visited 1 branch of the dungeon, and saw 2 of its levels.

You collected 121 gold pieces.

Inventory:

Missiles
 a - 12 arrows
Scrolls
 e - a scroll of recharging
 j - a scroll of remove curse
 l - a scroll of identify
Potions
 d - a potion of heal wounds
 g - a potion of agility
 h - 3 potions of brilliance {unknown}
 i - a potion of curing
 k - 2 potions of invisibility {unknown}
Books
 b - a book of Changes
Comestibles
 c - a bread ration {@e1}
 f - a meat ration {@e2}
 m - 2 chunks of flesh {@w0}


   Skills:
 + Level 1.9 Fighting
 + Level 2.5 Dodging
 + Level 3.4 Unarmed Combat
 + Level 2.5 Spellcasting
 + Level 2.6 Transmutations


You had 7 spell levels left.
You knew the following spells:

 Your Spells              Type           Power        Failure   Level  Hunger
a - Beastly Appendage     Trmt           ##....       10%         1    #......


Dungeon Overview and Level Annotations

Branches:
Dungeon (2/15)

Altars:


Innate Abilities, Weirdness & Mutations

You cannot wear most types of armour.
You are amphibious.
You can wear up to eight rings at the same time.
You can use your tentacles to constrict eight enemies at once.
Your skin changes colour to match your surroundings (Stealth).
Your rubbery body absorbs attacks (AC +1).


Message History

No target in view!
No target in view!
No target in view!
No target in view!
No target in view!
No target in view!
No target in view!
No target in view!
No target in view!
No target in view!
No target in view!
You start resting.
A giant cockroach is nearby!
The giant cockroach closely misses you.
You closely miss the giant cockroach. Your grab misses the giant cockroach.
You tentacle-slap the giant cockroach. The giant cockroach bites you.
The giant cockroach bites you but does no damage.
You take 1 damage, and have 16/29 hp.
You tentacle-slap the giant cockroach. You grab the giant cockroach.
You constrict the giant cockroach, but do no damage.
The giant cockroach closely misses you.
You barely miss the giant cockroach. You constrict the giant cockroach.
You kill the giant cockroach!
No target in view!
No target in view!
You see here a giant cockroach corpse.
You butcher the giant cockroach corpse.
m - a chunk of flesh {@w0} You start resting.
Health restored: 29 A hobgoblin comes into view.
It is wielding a club.
The helpless hobgoblin fails to defend itself.
You bludgeon the hobgoblin!
You kill the hobgoblin!
No target in view!
No target in view!
No target in view!
No target in view!
No target in view!
No target in view!
No target in view!
No target in view!
No target in view!
No target in view!
No target in view!
No target in view!
No target in view!
No target in view!
No target in view!
Things that are here:
a club; a hobgoblin corpse You butcher the hobgoblin corpse.
m - 2 chunks of flesh {@w0} (gained 1)
Things that are here:
a club; a hobgoblin skeleton You now have 121 gold pieces (gained 15).
A hobgoblin comes into view.
The hobgoblin shouts!
Found a stone staircase leading up.
You see here a scroll labeled OLEUKI YVVIST.
n - a scroll labeled OLEUKI YVVIST A giant cockroach comes into view.
Read which item? (? for menu, Esc to quit)
As you read the scroll labeled OLEUKI YVVIST, it crumbles to dust.
Your tentacles glow pale aubergine for a moment.
It was a scroll of random uselessness.
The giant cockroach moves out of view.
A giant gecko comes into view.
A worm comes into view.
You tentacle-slap the hobgoblin but do no damage.
You grab the hobgoblin.
You squeeze the hobgoblin, but do no damage.
You constrict the hobgoblin. The hobgoblin hits you.
You take 4 damage, and have 25/29 hp.
You tentacle-slap the hobgoblin. You constrict the hobgoblin.
You kill the hobgoblin!
You closely miss the giant gecko. Your grab misses the giant gecko.
The giant gecko bites you.
You miss the giant gecko. Your grab misses the giant gecko.
Your squeeze misses the giant gecko. The giant gecko misses you.
The giant gecko bites you.
You take 5 damage, and have 20/29 hp.
You closely miss the giant gecko. You grab the giant gecko.
You constrict the giant gecko. The giant gecko barely misses you.
You tentacle-slap the giant gecko.
You kill the giant gecko!
You closely miss the giant cockroach. You grab the giant cockroach.
You constrict the giant cockroach. The giant cockroach bites you.
You take 1 damage, and have 19/29 hp.
You tentacle-slap the giant cockroach but do no damage.
You constrict the giant cockroach, but do no damage.
The giant cockroach barely misses you.
You barely miss the giant cockroach. You squeeze the giant cockroach.
You kill the giant cockroach!
The worm bites you!
You take 9 damage, and have 10/29 hp.
MASSIVE DAMAGE!!
You tentacle-slap the worm. You grab the worm. You constrict the worm.
You tentacle-slap the worm but do no damage.
You tentacle-slap the worm. You constrict the worm. The worm bites you!
You die...

##..#...# ## ##.....# #.
##....# ###.
#############...#####...
...........#...........
#.#.#.#.#.#...######..
.....................
#.#.#.#.#.#.............
......†@....##.##.....#.
#.#.#.#w#.#.##.#........
......................
#.#.#.#.#.##..........
...........##.#........
#.#.#.#.#.#.#..###.#####
.............. #.##...
.#.# #.#.#... ....... .<
... ........


You could see a worm.

Vanquished Creatures
  2 adders (D:2)
  A worm (D:2)
  2 giant geckos
  13 hobgoblins
  A quokka (D:2)
  5 bats
  3 giant cockroaches
  A giant newt (D:1)
  8 goblins
  5 kobolds
  2 rats
43 creatures vanquished.

Notes
Turn   | Place    | Note
--------------------------------------------------------------
     0 | D:1      | esc the Octopode Transmuter began the quest for the Orb.
     0 | D:1      | Reached XP level 1. HP: 13/13 MP: 3/3
    54 | D:1      | HP: 1/13 [hobgoblin (4)]
   388 | D:1      | Reached XP level 2. HP: 18/18 MP: 5/5
   796 | D:1      | Reached XP level 3. HP: 17/23 MP: 6/6
  1635 | D:2      | Reached XP level 4. HP: 9/29 MP: 7/7
  1635 | D:2      | HP: 7/29 [bat (1)]
  1643 | D:2      | HP: 5/29 [poisoned by an adder]
  2113 | D:2      | Slain by a worm

Vault maps used:
D:1:      minmay_arrival_wavy_path
D:2:      zin_statuary, st_stairs_11

Action                   |  1- 3 |  4- 6 || total
-------------------------+-------+-------++-------
Melee: Unarmed           |   100 |    23 ||   123
  Use: Scroll            |     8 |     1 ||     9
       Potion            |     1 |       ||     1
 Stab: Sleeping          |     3 |     1 ||     4
       Distracted        |     1 |       ||     1
  Eat: Bread ration      |     1 |       ||     1
       Chunk             |     1 |       ||     1

Vault maps used:
D:1:      minmay_arrival_wavy_path
D:2:      zin_statuary, st_stairs_11

Table legend:
 A = Turns spent in this place as a percentage of turns spent in the entire game.
 B = Non-inter-level travel turns spent in this place as a percentage of non-inter-level travel turns spent in the entire game.
 C = Inter-level travel turns spent in this place as a percentage of turns spent in this place.
 D = Turns resting spent in this place as a percentage of non-inter-level travel turns spent in this place.
 E = Turns spent auto-exploring this place as a percentage of non-inter-level travel turns spent in this place.
 F = Non-inter-level travel turns spent in this place divided by the number of levels of this place that you've seen.
                   A       B       C       D       E      F
               +-------+-------+-------+-------+-------+----------------------
         Total | 100.0 | 100.0 |   0.2 |   4.9 |   7.0 | 298.0
       Dungeon | 100.0 | 100.0 |   0.2 |   4.9 |   7.0 | 298.0
               +-------+-------+-------+-------+-------+----------------------

Table legend:
 A = Kills in this place as a percentage of kills in entire the game.
 B = Kills by you in this place as a percentage of kills by you in the entire game.
 C = Kills by friends in this place as a percentage of kills by friends in the entire game.
 D = Other kills in this place as a percentage of other kills in the entire game.
 E = Experience gained in this place as a percentage of experience gained in the entire game.
 F = Experience gained in this place divided by the number of levels of this place that you have seen.
                   A       B       C       D       E      F
               +-------+-------+-------+-------+-------+----------------------
         Total | 100.0 | 100.0 |  -nan |  -nan | 100.0 |  50.5
       Dungeon | 100.0 | 100.0 |  -nan |  -nan | 100.0 |  50.5
               +-------+-------+-------+-------+-------+----------------------
